 Dungeon Crawl Stone Soup version 0.28.0-53-g5a82cb258f (webtiles) character file.

Game seed: 10430827985536965721

74632 cbfl8 the Severer (level 15, -8/141 HPs)
             Began as a Minotaur Berserker on July 27, 2022.
             Was the Champion of Trog.
             Killed by divine providence
             ... invoked by a meliai
              (13 damage)
             ... on level 14 of the Dungeon.
             The game lasted 00:29:25 (26234 turns).

cbfl8 the Severer (Minotaur Berserker)             Turns: 26234, Time: 00:29:25

Health: -8/141     AC: 22    Str: 25    XL:     15   Next: 7%
Magic:  5/5        EV: 33    Int:  4    God:    Trog [******]
Gold:   1495       SH:  0    Dex: 28    Spells: 14/14 levels left

rFire   + . .      SeeInvis +   C - +4 battleaxe of Melee {flame, MP-9 Str+3 Dex+4 SInv}
rCold   x . .      Faith    .   (shield currently unavailable)
rNeg    . . .      Spirit   .   y - +5 chain mail of Rationality {Slay+3}
rPois   +          Reflect  .   (helmet restricted)
rElec   .          Harm     .   D - +0 cloak
rCorr   .          Rampage  .   s - +1 pair of gloves
Will    +....                   b - +0 pair of boots
Stlth   ++........              t - amulet of the acrobat
HPRegen 0.33/turn               T - ring of Asceticism {Fire rPois Dex+7}
MPRegen 0.09/turn               d - ring of flight

@: on berserk cooldown, acrobatic, flying, slowed, very slow
A: horns 2, retaliatory headbutt
a: Renounce Religion, Berserk, Trog's Hand, Brothers in Arms


You were on level 14 of the Dungeon.
You worshipped Trog.
Trog was exalted by your worship.
You visited 2 branches of the dungeon, and saw 20 of its levels.
You also visited: Sewer and Ice Cave.

You collected 1495 gold pieces.

Inventory:

Hand Weapons
 r - a +3 antimagic battleaxe
 x - a +0 battleaxe of electrocution
 C - the +4 battleaxe of Melee (weapon) {flame, MP-9 Str+3 Dex+4 SInv}
   (Trog gifted it to you in an ice cave)

   It burns those it strikes, dealing additional fire damage.
   Big, fiery blades are also staple armaments of hydra-hunters.
   Str:       It affects your strength (+3).
   Dex:       It affects your dexterity (+4).
   MP:        It affects your magic capacity (-9).
   SInv:      It lets you see invisible.
Armour
 b - a +0 pair of boots (worn)
 s - a +1 pair of gloves (worn)
 y - the +5 chain mail of Rationality (worn) {Slay+3}
   (You found it on level 9 of the Dungeon)

   Slay:      It affects your accuracy & damage with ranged weapons and melee
   (+3).
 D - a +0 cloak (worn)
 K - +0 fire dragon scales
Jewellery
 d - a ring of flight (right hand)
 t - an amulet of the acrobat (around neck)
 w - a +6 ring of strength
 J - a ring of positive energy
 O - a ring of fire
 Q - a ring of ice
 R - a +4 ring of protection
 T - the ring of Asceticism (left hand) {Fire rPois Dex+7}
   (You found it on level 3 of the Lair of Beasts)

   [ring of fire]

   It enhances your fire magic.
   Dex:       It affects your dexterity (+7).
   rF:        It protects you from fire.
   rC:        It makes you vulnerable to cold.
   rPois:     It protects you from poison.
Wands
 j - a wand of charming (19)
 q - a wand of paralysis (7)
 u - a wand of acid (15) (quivered)
 G - a wand of flame (35)
 H - a wand of iceblast (9)
 S - a wand of digging (5)
 V - a wand of polymorph (6)
Scrolls
 a - 2 scrolls of fog
 i - a scroll of blinking
 k - 4 scrolls of fear
 n - 8 scrolls of teleportation
 p - 7 scrolls of magic mapping
 v - a scroll of identify
 A - 2 scrolls of brand weapon
 B - 2 scrolls of enchant weapon
 E - 3 scrolls of holy word
 L - a scroll of immolation
 M - a scroll of torment {unknown}
Potions
 c - 6 potions of heal wounds
 e - 5 potions of resistance
 f - 3 potions of flight
 g - 7 potions of curing
 h - 5 potions of might
 l - 5 potions of mutation
 m - 5 potions of haste
 o - 2 potions of berserk rage
 z - 2 potions of attraction
 I - 3 potions of lignification
 U - a potion of ambrosia {unknown}
Miscellaneous
 F - a lightning rod (4/4)
 N - a box of beasts


   Skills:
 * Level 15.3 Fighting
 + Level 17.5 Axes
 + Level 11.7 Armour
 * Level 11.3 Dodging
 * Level 9.2 Stealth
 * Level 8.7 Evocations


You had 14 spell levels left.
You didn't know any spells.
Your spell library was empty.

Dungeon Overview and Level Annotations

Branches:
Dungeon (14/15)            Temple (0/1) D:4            Lair (6/6) D:11
 Shoals (0/4) Lair:2        Snake (0/4) Lair:4        Slime (0/5) Lair:5
    Orc (0/2) D:10          Sewer (visited)           IceCv (visited)
 Vaults: D:13-14

Altars:
Ashenzari
Cheibriados
Dithmenos
Elyvilon
Gozag
Makhleb
Qazlal
Ru
Sif Muna
Xom
Jiyva

Annotations:
D:11 2 transporters, slowmoth's ghost, journeyman MiBe


Innate Abilities, Weirdness & Mutations

You have a pair of horns on your head.
You reflexively headbutt those who attack you in melee.


Message History

The cyclops hits you!
* * * LOW HITPOINT WARNING * * *
The basilisk bites you but does no damage.
The meliai hits you but does no damage.
The meliai stings you but does no damage.
The meliai hits you with a +0 hand axe.
* * * LOW HITPOINT WARNING * * *
The meliai stings you but does no damage.
The cyclops hits you!
* * * LOW HITPOINT WARNING * * *
The basilisk gazes at you.
You easily resist.
The meliai hits you but does no damage.
The meliai stings you but does no damage.
The meliai hits you but does no damage.
The meliai stings you but does no damage.
The basilisk bites you but does no damage.
The cyclops completely misses you.
You turn to flesh and can move again.
The meliai calls down the wrath of its god upon you.
Something smites you!
* * * LOW HITPOINT WARNING * * *
You feel a strong urge to attack something.
A troll comes into view.
You are no longer berserk.
You are exhausted.
You feel yourself slow down.
Blink to where?
Press: ? - help, Dir - move target
As you read the scroll of blinking, it crumbles to dust.
As you read the scroll of fear, it crumbles to dust.
You assume a fearsome visage.
The meliai looks frightened!
Cornered, the meliai turns to fight!
The meliai closely misses you. The meliai completely misses you.
The meliai invokes the aid of its god against you.
Something smites you!
* * * LOW HITPOINT WARNING * * *
The meliai mumbles some strange prayers to its god against you.
Something smites you!
You die...

###..##.##
###...##### ##
#.......... #c#
####...##### #p#
#.##...#### #T#
#.###..!.[.#
#c#†#.##...##.#
#.#.########.#
#C#l#.# #@#
#$#.#.## #.#
#.#?#.#.#######y#
########........#
##########


You could see a meliai.

Vanquished Creatures
  The ghost of Jingleheimer the Thaumaturge, an adept GrFE of Vehumet (Lair:3)
  A frost giant (IceCv)
  Snorg (Lair:3)
  A fire dragon (Lair:6)
  The ghost of COBRA the Severer, a journeyman HOFi of Okawaru (Lair:2)
  Fannar (Lair:3)
  3 boulder beetles
  6 hydras
  A centaur warrior (D:14)
  A death knight (D:13)
  3 catoblepae
  15 death yaks
  4 two-headed ogres
  A glowing orange brain (Lair:2)
  A necromancer (D:9)
  2 lindwurms (Lair:6)
  An oklob plant (Lair:4)
  A manticore (D:12)
  4 black mambas
  An ice statue (IceCv)
  14 elephants
  3 molten gargoyles (Lair:6)
  A gargoyle (D:13)
  11 cane toads
  10 rime drakes
  15 komodo dragons
  2 trolls
  5 polar bears (IceCv)
  6 slime creatures
  9 blink frogs
  Prince Ribbit (D:7)
  Sigmund (D:3)
  2 centaur simulacra (D:13)
  A shadow (D:13)
  13 wyverns
  2 wraiths
  56 yaks
  7 basilisks
  4 humans (D:7)
  10 vampire mosquitoes
  8 redbacks (D:13)
  4 steam dragons
  3 nagas (Lair:4)
  Edmund (D:4)
  2 acid dragons
  30 water moccasins
  3 hell hounds (Lair:6)
  4 orc warriors
  3 sky beasts
  3 ice beasts
  A necrophage (D:4)
  3 black bears
  2 ogres (D:4)
  4 centaurs
  10 wolves
  2 phantoms
  3 kobold brigands
  9 bullfrogs
  A wyvern zombie (D:5)
  2 scorpions (D:6)
  2 wyvern skeletons
  An elephant simulacrum (Lair:3)
  11 killer bees
  4 howler monkeys
  A torpor snail simulacrum (Lair:3)
  13 wights
  An electric eel (Lair:2)
  5 lava snakes (Lair:6)
  5 centaur zombies
  A komodo dragon simulacrum (Lair:3)
  2 hounds (D:6)
  2 orc priests
  4 jellies
  A gnoll shaman (D:8)
  A scorpion zombie (D:5)
  An iguana (D:6)
  8 orc wizards
  4 polar bear simulacra (D:9)
  6 hell rats (Lair:5)
  A yak simulacrum (D:9)
  4 wolf simulacra (D:9)
  A basilisk simulacrum (Lair:3)
  A hound skeleton (D:5)
  A mummy (D:4)
  11 gnolls
  3 adders
  A shadow imp (D:5)
  2 white imps
  An ufetubus (D:5)
  An adder zombie (D:5)
  2 worms (D:3)
  2 dart slugs
  30 orcs
  5 endoplasms
  7 giant cockroaches
  6 goblins
  11 hobgoblins
  4 jackals (D:2)
  5 quokkas
  3 ball pythons
  9 bats
  4 frilled lizards
  59 kobolds
  3 rats
  2 river rat simulacra (D:9)
573 creatures vanquished.

Vanquished Creatures (others)
  18 fungi
  24 plants
42 creatures vanquished.

Grand Total: 615 creatures vanquished

Notes
Turn   | Place    | Note
-------+----------+-------------------------------------------
     0 | D:1      | cbfl8 the Minotaur Berserker began the quest for the Orb.
     0 | D:1      | Reached XP level 1. HP: 19/19 MP: 0/0
   302 | D:1      | Found a faded altar of an unknown god.
   326 | D:1      | Reached XP level 2. HP: 27/27 MP: 1/1
   731 | D:2      | Reached skill level 4 in Axes
  1220 | D:2      | Reached XP level 3. HP: 34/34 MP: 2/2
  1260 | D:2      | Reached ** piety under Trog
  1483 | D:3      | Found an opulent altar of Gozag.
  1522 | D:3      | You fall into a shaft and drop 3 floors!
  1657 | D:6      | Noticed a black bear
  1664 | D:6      | Killed a black bear
  1665 | D:6      | Reached XP level 4. HP: 41/41 MP: 3/3
  1809 | D:6      | Noticed a black bear
  1819 | D:6      | Killed a black bear
  1820 | D:6      | Reached skill level 5 in Fighting
  1820 | D:6      | Reached skill level 1 in Stealth
  1820 | D:6      | Reached XP level 5. HP: 48/48 MP: 4/4
  1881 | D:6      | Reached skill level 5 in Axes
  1881 | D:6      | Reached XP level 6. HP: 41/56 MP: 5/5
  2661 | D:6      | Noticed a sky beast
  2678 | D:6      | Killed a sky beast
  2679 | D:6      | Reached skill level 5 in Armour
  3043 | D:5      | Entered Level 5 of the Dungeon
  3064 | D:5      | Reached XP level 7. HP: 46/62 MP: 6/6
  3653 | D:5      | Reached skill level 1 in Evocations
  3814 | D:5      | Reached skill level 6 in Axes
  4176 | D:4      | Noticed Edmund
  4197 | D:4      | Killed Edmund
  4198 | D:4      | Reached XP level 8. HP: 13/71 MP: 7/7
  4198 | D:4      | Found a staircase to the Ecumenical Temple.
  4711 | D:4      | Found a glowing drain.
  4728 | Sewer    | Entered a sewer
  4999 | D:4      | Found a snail-covered altar of Cheibriados.
  5456 | D:3      | Found a white marble altar of Elyvilon.
  5506 | D:3      | Reached *** piety under Trog
  5803 | D:3      | Noticed Sigmund
  5807 | D:3      | Killed Sigmund
  5808 | D:3      | Reached skill level 7 in Axes
  6726 | D:4      | Reached skill level 5 in Dodging
  6979 | D:4      | Reached **** piety under Trog
  6980 | D:4      | Reached XP level 9. HP: 79/79 MP: 8/8
  7923 | D:5      | Reached skill level 8 in Axes
  8972 | D:7      | Found a sacrificial altar of Ru.
  9160 | D:7      | Noticed Prince Ribbit
  9164 | D:7      | Killed Prince Ribbit
  9165 | D:7      | Reached skill level 9 in Axes
  9257 | D:7      | Reached XP level 10. HP: 67/90 MP: 9/9
  9429 | D:7      | Found a burning altar of Makhleb.
  9487 | D:7      | Reached ***** piety under Trog
  9612 | D:7      | Found a broken altar of Ashenzari.
 10047 | D:8      | Reached skill level 10 in Axes
 10939 | D:9      | Noticed a two-headed ogre
 11215 | D:9      | Killed a two-headed ogre
 11216 | D:9      | Reached skill level 5 in Stealth
 11576 | D:9      | Identified the +5 chain mail of Rationality {Slay+3}
 11694 | D:9      | Found a shadowy altar of Dithmenos.
 12203 | D:9      | Noticed a necromancer
 12212 | D:9      | Killed a necromancer
 12213 | D:9      | Reached skill level 11 in Axes
 12544 | D:10     | Entered Level 10 of the Dungeon
 12862 | D:10     | Reached XP level 11. HP: 99/99 MP: 10/10
 12870 | D:10     | Found a shimmering altar of Xom.
 12928 | D:10     | Noticed a two-headed ogre
 12937 | D:10     | Killed a two-headed ogre
 13126 | D:10     | Reached skill level 10 in Fighting
 13247 | D:10     | Found a staircase to the Orcish Mines.
 13297 | D:10     | Reached skill level 5 in Evocations
 13320 | D:10     | Found a stormy altar of Qazlal.
 13508 | D:11     | Noticed a boulder beetle
 13518 | D:11     | Killed a boulder beetle
 13586 | D:11     | Noticed a two-headed ogre
 13595 | D:11     | Reached skill level 12 in Axes
 13596 | D:11     | Killed a two-headed ogre
 13723 | D:11     | Found a staircase to the Lair.
 13844 | D:11     | Identified the +3 spear "Dyxkiser" {elec, rElec Str+3
                  | Int+2}
 13953 | D:11     | Found a transporter.
 13956 | D:11     | Noticed slowmoth's ghost (journeyman MiBe)
 13973 | D:11     | Found a transporter.
 14079 | D:11     | Noticed a two-headed ogre
 14085 | D:11     | Killed a two-headed ogre
 14458 | D:12     | Found a frozen archway.
 14464 | IceCv    | Entered an ice cave
 14585 | IceCv    | Noticed a death yak
 14595 | IceCv    | Noticed a death yak
 14596 | IceCv    | Identified the +4 battleaxe of Melee {flame, MP-9 Str+3
                  | Dex+4 SInv} (Trog gifted it to you in an ice cave)
 14596 | IceCv    | Received a gift from Trog
 14603 | IceCv    | Killed a death yak
 14605 | IceCv    | Reached XP level 12. HP: 110/110 MP: 11/11
 14609 | IceCv    | Killed a death yak
 14610 | IceCv    | Reached skill level 13 in Axes
 14706 | IceCv    | Noticed a death yak
 14706 | IceCv    | Noticed a death yak
 14712 | IceCv    | Killed a death yak
 14716 | IceCv    | Killed a death yak
 14849 | IceCv    | Noticed a frost giant
 14849 | IceCv    | Noticed a death yak
 14862 | IceCv    | Killed a death yak
 14874 | IceCv    | Killed a frost giant
 15330 | IceCv    | Noticed a death yak
 15330 | IceCv    | Noticed a death yak
 15337 | IceCv    | Killed a death yak
 15339 | IceCv    | Killed a death yak
 15345 | IceCv    | Reached skill level 14 in Axes
 15504 | IceCv    | Noticed a death yak
 15509 | IceCv    | Killed a death yak
 16434 | D:12     | Noticed a four-headed hydra
 16439 | D:12     | Killed a two-headed hydra
 16511 | D:12     | Noticed a four-headed hydra
 16519 | D:12     | Killed a one-headed hydra
 16705 | Lair:1   | Entered Level 1 of the Lair of Beasts
 16786 | Lair:1   | Reached XP level 13. HP: 119/119 MP: 3/12
 16832 | Lair:1   | Reached skill level 10 in Armour
 17118 | Lair:1   | Found a shimmering blue altar of Sif Muna.
 18010 | Lair:2   | Reached skill level 15 in Axes
 18065 | Lair:2   | Found a staircase to the Shoals.
 18279 | Lair:2   | Found a runed translucent gate.
 18279 | Lair:2   | Found a runed translucent gate.
 18279 | Lair:2   | Found a runed translucent gate.
 18280 | Lair:2   | Found a viscous altar of Jiyva.
 18280 | Lair:2   | Noticed COBRA's ghost (journeyman HOFi)
 18688 | Lair:2   | Received a gift from Trog
 18700 | Lair:2   | Killed COBRA's ghost
 18799 | Lair:3   | Noticed Snorg
 18805 | Lair:3   | Killed Snorg
 19249 | Lair:3   | Found a runed translucent gate.
 19249 | Lair:3   | Found a runed translucent gate.
 19249 | Lair:3   | Found a runed translucent gate.
 19458 | Lair:3   | Reached skill level 10 in Dodging
 19687 | Lair:3   | Noticed Fannar
 19695 | Lair:3   | Killed Fannar
 19696 | Lair:3   | Reached skill level 16 in Axes
 19995 | Lair:3   | Noticed Jingleheimer's ghost (adept GrFE)
 20211 | Lair:3   | Killed Jingleheimer's ghost
 20237 | Lair:3   | Got the ring of Asceticism {Fire rPois Dex+7}
 20329 | Lair:4   | Reached XP level 14. HP: 130/130 MP: 4/13
 20982 | Lair:4   | Found a staircase to the Snake Pit.
 21689 | Lair:5   | Reached ****** piety under Trog
 22276 | Lair:5   | Found a viscous altar of Jiyva.
 22276 | Lair:5   | Found a staircase to the Slime Pits.
 22813 | Lair:6   | Entered Level 6 of the Lair of Beasts
 22819 | Lair:6   | Received a gift from Trog
 23641 | Lair:6   | Reached skill level 17 in Axes
 23758 | Lair:6   | Found a large runed translucent door.
 23759 | Lair:6   | Found a large runed translucent door.
 24215 | Lair:6   | Reached skill level 15 in Fighting
 24785 | D:13     | Received a gift from Trog
 25173 | D:13     | Reached XP level 15. HP: 91/141 MP: 5/14
 26234 | D:14     | HP: 5/141 [meliai/divine providence (15)]
 26234 | D:14     | Killed from afar by a meliai

Illustrated notes

Levels and vault maps discovered:
D:1:      lightli_arrival_statue_moat, layout_loops_cross,
          dreamdust_ecumenical_altar_angels_and_demons
D:2:      layout_rooms
D:3:      layout_loops_ring, mainiacjoe_overflow_paths, elyvilon_altar_1,
          uniq_sigmund
D:4:      minmay_goblin_kobold_castle, layout_rooms, slow_altar_1,
          minmay_temple_entry_wispy, portal_sewer_entry_f, uniq_edmund
D:5:      layout_basic
D:6:      layout_basic, minmay_misc_feat_room
D:7:      layout_loops_ring, evilmike_ruin_ashenzari,
          mainiacjoe_overflow_surrounded_room, bloody_makhleb, minmay_ruffians,
          uniq_prince_ribbit1
D:8:      layout_rooms
D:9:      nicolae_cairo_tiling_large, layout_irregular_city,
          grunt_dithmenos_smoke_and_mirrors, eino_house_with_fridge
D:10:     layout_basic, grunt_qazlal_clouds, mainiacjoe_overflow_cross_hatched
D:11:     layout_roguey, lair_entry_dummy, gammafunk_ghost_stat_death
D:12:     layout_roguey, portal_ice_cave_entry_pillars_1
D:13:     layout_basic, serial_ice, serial_ice_k, serial_ice_h, serial_ice_e,
          serial_ice_g, drop_trap
D:14:     layout_loops_corners, david_vaults_5, serial_shops, shop, shop_statue,
          nrook_mini_backslash, uniq_louise, uniq_josephine
Lair:1:   layout_chaotic_city, basic_altar, beast_lair_carwin_4,
          grunt_megastairs_3, serial_bayou_shore_b
Lair:2:   layout_gridlike, shoals_dummy_entry, gammafunk_ghost_ooze,
          grunt_megastairs_4
Lair:3:   layout_loops_ring, gammafunk_ghost_icy, beast_lair_carwin_6,
          lemuel_fruit_tree, uniq_fannar, uniq_snorg
Lair:4:   layout_cellular_growth, guppyfry_snake_entry_garden, minivault_23,
          infiniplex_staircase_pool_2
Lair:5:   layout_roguey, slime_altar_1, hibernation_bobbens,
          serial_bayou_shore_b
Lair:6:   cheibrodos_lair_end_hotspot, layout_gridlike

Skill      XL: |  1  2  3  4  5  6  7  8  9 10 11 12 13 14 |
---------------+-------------------------------------------+-----
Fighting       | 4 5 6 7 8 9 11 12 13 15 | 15.3
Axes           | 4 5 6 7 9 11 12 14 16 17 | 17.5
Armour         | 3 4 5 6 7 8 9 10 11 | 11.7
Dodging        | 3 4 5 6 7 8 9 10 11 | 11.3
Stealth        | 1 2 3 4 5 6 7 8 9 |  9.2
Evocations     | 1 2 3 4 5 6 7 8 |  8.7

Action                   |  1- 3 |  4- 6 |  7- 9 | 10-12 | 13-15 || total
-------------------------+-------+-------+-------+-------+-------++-------
Melee: Hand axe          |    71 |    66 |   331 |       |       ||   468
       Headbutt          |    10 |    10 |    69 |    70 |   119 ||   278
       Punch             |       |       |     4 |       |       ||     4
       Battleaxe         |       |       |    66 |   304 |   478 ||   848
Invok: Berserk           |     1 |     2 |     3 |     5 |     7 ||    18
Evoke: Wand              |       |       |       |    15 |     1 ||    16
  Use: Scroll            |     3 |       |       |    14 |     9 ||    26
       Potion            |       |       |       |       |     2 ||     2
 Stab: Sleeping          |     1 |       |       |       |     1 ||     2
       Petrified         |       |       |       |       |     5 ||     5
       Distracted        |       |       |       |       |     1 ||     1
Armor: Chain mail        |    38 |    46 |   139 |   140 |   249 ||   612
       Animal skin       |     2 |       |       |       |       ||     2
       Plate armour      |       |       |    73 |    59 |       ||   132
Dodge: Dodged            |    39 |    17 |   188 |   244 |   352 ||   840
